 Dungeon Crawl Stone Soup version 0.27.1-33-g824d729ab1 (webtiles) character file.

Game seed: 13186079555586215390

16 zeram the Sneak (level 2, 0/13 HPs)
             Began as a Spriggan Enchanter on Nov 27, 2021.
             Slain by a hobgoblin (1 damage)
             ... on level 2 of the Dungeon.
             The game lasted 00:02:11 (1858 turns).

zeram the Sneak (Spriggan Enchanter)                Turns: 1858, Time: 00:02:12

Health: 0/13       AC:  3    Str:  4    XL:     2   Next: 37%
Magic:  5/6        EV: 17    Int: 16    God:
Gold:   45         SH:  0    Dex: 15    Spells: 3/6 levels left

rFire    . . .     SeeInvis +   a - +1 dagger
rCold    . . .     Faith    .   (shield restricted)
rNeg     . . .     Spirit   .   b - +1 robe
rPois    .         Reflect  .   (helmet restricted)
rElec    .         Harm     .   (no cloak)
rCorr    .         Rampage  .   (gloves unavailable)
Will     .....                  (boots unavailable)
Stlth    +++.......             (no amulet)
HPRegen  0.04/turn              (no ring)
MPRegen  0.10/turn              (no ring)

@: very quick
A: very small, no large weapons, unfitting armour, see invisible, speed 3
a: no special abilities


You were on level 2 of the Dungeon.
You visited 1 branch of the dungeon, and saw 2 of its levels.

You collected 45 gold pieces.

Inventory:

Hand Weapons
 a - a +1 dagger (weapon)
Armour
 b - a +1 robe (worn)


   Skills:
 - Level 1.1 Short Blades
 + Level 2.9 Dodging
 + Level 5.0 Stealth
 + Level 2.8 Spellcasting
 + Level 4.0 Hexes


You had 3 spell levels left.
You knew the following spells:

 Your Spells              Type           Power      Damage    Failure   Level
a - Corona                Hex            16%        N/A       3%          1
b - Ensorcelled Hibernat  Hex/Ice        16%        N/A       12%         2

Your spell library contained the following spells:

 Spells                   Type           Power      Damage    Failure   Level
 Confusing Touch          Hex            15%        N/A       11%         3
 Tukima's Dance           Hex            15%        N/A       11%         3
 Dazzling Flash           Conj/Hex       16%        N/A       24%         3


Dungeon Overview and Level Annotations

Branches:
Dungeon (2/15)

Altars:


Innate Abilities, Weirdness & Mutations

You are very small and have problems with some larger weapons.
You are too small for most types of armour.
You have supernaturally acute eyesight. (SInv)
You cover ground extremely quickly. (Speed+++)


Message History

Your Stealth skill increases to level 5!
No target in view!
Found 3 gold pieces.
You now have 45 gold pieces (gained 3).
A hobgoblin and a kobold come into view.
The kobold shouts!
The kobold throws a stone.
The stone completely misses you.
There are monsters nearby!
There are monsters nearby!
There are monsters nearby!
The hobgoblin shouts!
The hobgoblin closely misses you.
You closely miss the hobgoblin. The hobgoblin hits you.
Casting: Corona (safe; 3% risk of failure)
Confirm with . or Enter, or press ? or * to list all spells.
Aiming: Corona (safe; 3% risk of failure)
Press: ? - help, Shift-Dir - straight line, f - hobgoblin
Aim: a hobgoblin (chance to affect: 69%)
The hobgoblin is outlined in light.
The hobgoblin barely misses you.
You hit the hobgoblin.
The hobgoblin is heavily wounded.
The hobgoblin closely misses you.
You barely miss the hobgoblin.
The hobgoblin is heavily wounded.
The hobgoblin hits you.
You barely miss the hobgoblin.
The hobgoblin is heavily wounded.
The hobgoblin closely misses you.
You hit the hobgoblin but do no damage.
The hobgoblin is heavily wounded.
The hobgoblin completely misses you.
You hit the hobgoblin but do no damage.
The hobgoblin is heavily wounded.
The kobold hits you with a +0 short sword.
The hobgoblin hits you.
* * * LOW HITPOINT WARNING * * *
You hit the hobgoblin but do no damage.
The hobgoblin is heavily wounded.
The kobold hits you but does no damage. The hobgoblin hits you.
You die...

###### . #######....###
..####### #....##.<#.#..
........###.##.#####.#.#
..........#.#........#.#
..........#.#..#######.#
..........#.#..........#
......g@K.#.##.#########
..#######...##..........
##..############ #..#
#..# #..# ...# ....
#....


You could see a hobgoblin (corona) and a kobold.

Vanquished Creatures
  An endoplasm (D:1)
  A giant cockroach (D:1)
  A goblin (D:1)
  A hobgoblin (D:1)
  5 jackals
  A ball python (D:2)
  A bat (D:1)
  A frilled lizard (D:1)
  2 rats (D:1)
14 creatures vanquished.

Notes
Turn   | Place    | Note
-------+----------+-------------------------------------------
     0 | D:1      | zeram the Spriggan Enchanter began the quest for the Orb.
     0 | D:1      | Reached XP level 1. HP: 9/9 MP: 5/5
   784 | D:1      | Reached XP level 2. HP: 6/13 MP: 4/6
  1132 | D:1      | Found a faded altar of an unknown god.
  1490 | D:2      | Learned a level 2 spell: Ensorcelled Hibernation
  1827 | D:2      | Reached skill level 5 in Stealth
  1858 | D:2      | Slain by a hobgoblin

Illustrated notes

Levels and vault maps discovered:
D:1:      dpeg_arrival_connections, layout_basic,
          hellmonk_ecumenical_altar_blasted, minivault_24,
          corexii_hall_statues_x
D:2:      minmay_alternating_diamond, layout_basic, nrook_mini_vaults,
          kennysheep_generic_room_4

Skill      XL: |  1  2 |
---------------+-------+-----
Hexes          | 4 |  4.0
Stealth        | 5 |  5.0
Short Blades   | |  1.1
Dodging        | |  2.9
Spellcasting   | |  2.8

Action                   || total
-------------------------++-------
Melee: Dagger            ||    90
 Cast: Corona            ||     8
  Use: Scroll            ||     3
 Stab: Sleeping          ||     4
Armor: Robe              ||    14
Dodge: Dodged            ||    77
